| TOP OF THE 1ST |
|
Tri-City ValleyCats batting - Pitching for Connecticut Tigers : RHP Dale Gilbert
|
|
Pitching: RHP Dale Gilbert
|
|
|
Batting: RHB Ben Hoffman
|
0-0: Ground out 3-1 (Groundball, 34, EV 84.4 MPH)
|
|
Batting: LHB Jon Pope
|
0-0: SINGLE (Line Drive, 6D, EV 101.9 MPH)
|
|
Batting: SHB Salvador Gomez
|
0-0: Ball Jon Pope is caught stealing 2nd base 2-6 1-0: Fly out, F8 (Line Drive, 8LD, EV 88.1 MPH)
|
| Top of the 1st over - 0 runs, 1 hit, 0 errors, 0 left on base; Tri-City 0 - Connecticut 0 |
| BOTTOM OF THE 1ST |
|
Connecticut Tigers batting - Pitching for Tri-City ValleyCats : RHP Oscar Andrade
|
|
Pitching: RHP Oscar Andrade
|
|
|
Batting: LHB Jeff Trapp
|
0-0: Called Strike 0-1: Swinging Strike 0-2: Ball 1-2: Foul Ball, location: 2F 1-2: Strikes out swinging
|
|
Batting: SHB Adam Weber
|
0-0: Swinging Strike 0-1: Swinging Strike 0-2: Ball 1-2: Foul Ball, location: 2F 1-2: Ground out 4-3 (Groundball, 4, EV 82.5 MPH)
|
|
Batting: LHB Tokugoro Adachi
|
0-0: Ball 1-0: Foul Ball, location: 2F 1-1: Foul Ball, location: 2F 1-2: Strikes out swinging
|
| Bottom of the 1st over - 0 runs, 0 hits, 0 errors, 0 left on base; Tri-City 0 - Connecticut 0 |
| TOP OF THE 2ND |
|
Tri-City ValleyCats batting - Pitching for Connecticut Tigers : RHP Dale Gilbert
|
|
Batting: RHB Chris Miller
|
0-0: Called Strike 0-1: Ground out 5-3 (Groundball, 56, EV 103.1 MPH)
|
|
Batting: RHB Nate Britton
|
0-0: Ball 1-0: Ball 2-0: Fly out, F3 (Popup, 23F, EV 79.4 MPH)
|
|
Batting: RHB Dan Kurtz
|
0-0: Called Strike 0-1: SINGLE (Groundball, 6MD, EV 101.3 MPH)
|
|
Batting: RHB Evan Fry
|
0-0: Called Strike 0-1: Called Strike 0-2: Ball 1-2: Fly out, F8 (Flyball, 8RXD, EV 99.4 MPH)
|
| Top of the 2nd over - 0 runs, 1 hit, 0 errors, 1 left on base; Tri-City 0 - Connecticut 0 |
| BOTTOM OF THE 2ND |
|
Connecticut Tigers batting - Pitching for Tri-City ValleyCats : RHP Oscar Andrade
|
|
Batting: RHB Eric Angelle
|
0-0: Called Strike 0-1: Swinging Strike 0-2: Foul Ball, location: 2F 0-2: Ground out U3 (Groundball, 34, EV 95.6 MPH)
|
|
Batting: SHB Sean Foley
|
0-0: Ball 1-0: Ball 2-0: Ball 3-0: Base on Balls
|
|
Batting: RHB Tanner Purchase
|
0-0: Foul Ball, location: 2F 0-1: Ball 1-1: Fly out, F7 (Flyball, 78M, EV 91.9 MPH)
|
|
Batting: RHB Billy Verdusco
|
0-0: Ball 1-0: Ball 2-0: Fly out, F4 (Popup, 34D, EV 55.0 MPH)
|
| Bottom of the 2nd over - 0 runs, 0 hits, 0 errors, 1 left on base; Tri-City 0 - Connecticut 0 |
| TOP OF THE 3RD |
|
Tri-City ValleyCats batting - Pitching for Connecticut Tigers : RHP Dale Gilbert
|
|
Batting: RHB Ruben Pujols
|
0-0: Ball 1-0: Swinging Strike 1-1: Ground out 1-3 (Groundball, 34S, EV 67.5 MPH)
|
|
Batting: RHB Rob Baker
|
0-0: Swinging Strike 0-1: Ball 1-1: SINGLE (Groundball, 56D, EV 86.3 MPH) (infield hit)
|
|
Batting: RHB Ben Hoffman
|
0-0: Called Strike Rob Baker steals 2nd base 0-1: Foul Ball, location: 2F 0-2: Strikes out looking
|
|
Batting: LHB Jon Pope
|
0-0: Foul Ball, location: 2F 0-1: Ball 1-1: Called Strike 1-2: Strikes out looking
|
| Top of the 3rd over - 0 runs, 1 hit, 0 errors, 1 left on base; Tri-City 0 - Connecticut 0 |
| BOTTOM OF THE 3RD |
|
Connecticut Tigers batting - Pitching for Tri-City ValleyCats : RHP Oscar Andrade
|
|
Batting: RHB Brandon O'Malley
|
0-0: Ball 1-0: Ball 2-0: Foul Ball, location: 2F 2-1: Ball 3-1: Foul Ball, location: 2F 3-2: Strikes out swinging
|
|
Batting: RHB Mike Sebastian
|
0-0: Called Strike 0-1: Ball 1-1: SINGLE (Groundball, 56, EV 98.8 MPH)
|
|
Batting: LHB Jeff Trapp
|
0-0: Foul Ball, location: 2F 0-1: Ball 1-1: Foul Ball, location: 2F 1-2: SINGLE (Line Drive, 7S, EV 108.8 MPH) Mike Sebastian to second
|
|
Batting: SHB Adam Weber
|
0-0: Called Strike 0-1: Foul Ball, location: 2F 0-2: Ball 1-2: Strikes out looking
|
|
Batting: LHB Tokugoro Adachi
|
0-0: Ball 1-0: Foul Ball, location: 2F 1-1: Swinging Strike 1-2: Strikes out swinging
|
| Bottom of the 3rd over - 0 runs, 2 hits, 0 errors, 2 left on base; Tri-City 0 - Connecticut 0 |
| TOP OF THE 4TH |
|
Tri-City ValleyCats batting - Pitching for Connecticut Tigers : RHP Dale Gilbert
|
|
Batting: SHB Salvador Gomez
|
0-0: Ball 1-0: SINGLE (Groundball, 5L, EV 93.1 MPH) (infield hit)
|
|
Batting: RHB Chris Miller
|
0-0: Called Strike 0-1: Grounds into double play, 4-6-3 (Groundball, 4M, EV 90.6 MPH)
|
|
Batting: RHB Nate Britton
|
0-0: Ground out 6-3 (Groundball, 6, EV 80.0 MPH)
|
| Top of the 4th over - 0 runs, 1 hit, 0 errors, 0 left on base; Tri-City 0 - Connecticut 0 |
| BOTTOM OF THE 4TH |
|
Connecticut Tigers batting - Pitching for Tri-City ValleyCats : RHP Oscar Andrade
|
|
Batting: RHB Eric Angelle
|
0-0: Fly out, F8 (Flyball, 8RS, EV 88.8 MPH)
|
|
Batting: SHB Sean Foley
|
0-0: Called Strike 0-1: Ball 1-1: Called Strike 1-2: Strikes out swinging
|
|
Batting: RHB Tanner Purchase
|
0-0: TRIPLE (Flyball, 9D, EV 98.8 MPH)
|
|
Batting: RHB Billy Verdusco
|
0-0: Ground out 6-3 (Groundball, 6, EV 84.4 MPH)
|
| Bottom of the 4th over - 0 runs, 1 hit, 0 errors, 1 left on base; Tri-City 0 - Connecticut 0 |
| TOP OF THE 5TH |
|
Tri-City ValleyCats batting - Pitching for Connecticut Tigers : RHP Dale Gilbert
|
|
Batting: RHB Dan Kurtz
|
0-0: Swinging Strike 0-1: Ball 1-1: Swinging Strike 1-2: Foul Ball, location: 2F 1-2: Strikes out looking
|
|
Batting: RHB Evan Fry
|
0-0: Ball 1-0: Called Strike 1-1: Ground out 6-3 (Groundball, 6, EV 106.3 MPH)
|
|
Batting: RHB Ruben Pujols
|
0-0: Foul Ball, location: 2F 0-1: Swinging Strike 0-2: Ball 1-2: Foul Ball, location: 2F 1-2: Strikes out swinging
|
| Top of the 5th over - 0 runs, 0 hits, 0 errors, 0 left on base; Tri-City 0 - Connecticut 0 |
| BOTTOM OF THE 5TH |
|
Connecticut Tigers batting - Pitching for Tri-City ValleyCats : RHP Oscar Andrade
|
|
Batting: RHB Brandon O'Malley
|
0-0: Ground out 6-3 (Groundball, 6, EV 100.6 MPH)
|
|
Batting: RHB Mike Sebastian
|
0-0: Called Strike 0-1: Ball 1-1: SINGLE (Line Drive, 5, EV 67.5 MPH) (infield hit)
|
|
Batting: LHB Jeff Trapp
|
0-0: Ball Mike Sebastian steals 2nd base (no throw) 1-0: Hit by Pitch
|
|
Batting: SHB Adam Weber
|
0-0: Fly out, F9 (Line Drive, 9, EV 98.1 MPH)
|
|
Batting: LHB Tokugoro Adachi
|
0-0: Foul Ball, location: 2F 0-1: Called Strike 0-2: Ball 1-2: Strikes out swinging
|
| Bottom of the 5th over - 0 runs, 1 hit, 0 errors, 2 left on base; Tri-City 0 - Connecticut 0 |
| TOP OF THE 6TH |
|
Tri-City ValleyCats batting - Pitching for Connecticut Tigers : RHP Dale Gilbert
|
|
Batting: RHB Rob Baker
|
0-0: Called Strike 0-1: DOUBLE (Line Drive, 89D, EV 105.0 MPH)
|
|
Batting: RHB Ben Hoffman
|
0-0: Called Strike 0-1: Swinging Strike 0-2: Strikes out swinging
|
|
Batting: LHB Jon Pope
|
0-0: Called Strike 0-1: Ball 1-1: Ball 2-1: Ball 3-1: Base on Balls
|
|
Batting: SHB Salvador Gomez
|
0-0: Ball 1-0: Ball 2-0: Ball 3-0: Called Strike 3-1: Called Strike 3-2: SINGLE (Line Drive, 7S, EV 91.9 MPH) Rob Baker to third Jon Pope to second Runner from 3rd tries for Home, throw by LF and OUT! 7-2
|
|
Batting: RHB Chris Miller
|
0-0: Fielders Choice at 2nd, 5-4 (Groundball, 56, EV 96.9 MPH)
|
| Top of the 6th over - 0 runs, 2 hits, 0 errors, 2 left on base; Tri-City 0 - Connecticut 0 |
| BOTTOM OF THE 6TH |
|
Connecticut Tigers batting - Pitching for Tri-City ValleyCats : RHP Oscar Andrade
|
|
Batting: RHB Eric Angelle
|
0-0: Ground out 6-3 (Groundball, 6, EV 85.0 MPH)
|
|
Batting: SHB Sean Foley
|
0-0: Swinging Strike 0-1: SINGLE (Flyball, 78S, EV 95.6 MPH)
|
|
Batting: RHB Tanner Purchase
|
0-0: Ball Sean Foley is caught stealing 2nd base 2-4 1-0: Ball 2-0: Ball 3-0: Foul Ball, location: 2F 3-1: Base on Balls
|
|
Batting: RHB Billy Verdusco
|
0-0: Ball 1-0: Called Strike 1-1: Called Strike 1-2: Strikes out swinging
|
| Bottom of the 6th over - 0 runs, 1 hit, 0 errors, 1 left on base; Tri-City 0 - Connecticut 0 |
| TOP OF THE 7TH |
|
Tri-City ValleyCats batting - Pitching for Connecticut Tigers : RHP Dale Gilbert
|
|
Batting: RHB Nate Britton
|
0-0: Ball 1-0: Ball 2-0: Called Strike 2-1: Fly out, F6 (Line Drive, 6, EV 68.8 MPH)
|
|
Batting: RHB Dan Kurtz
|
0-0: Called Strike 0-1: Ball 1-1: Ball 2-1: Ground out 6-3 (Groundball, 6, EV 101.9 MPH)
|
|
Batting: RHB Evan Fry
|
0-0: Ground out 5-3 (Groundball, 5S, EV 68.8 MPH)
|
| Top of the 7th over - 0 runs, 0 hits, 0 errors, 0 left on base; Tri-City 0 - Connecticut 0 |
| BOTTOM OF THE 7TH |
|
Connecticut Tigers batting - Pitching for Tri-City ValleyCats : RHP Oscar Andrade
|
|
Batting: RHB Brandon O'Malley
|
0-0: Ball 1-0: Ground out 5-3 (Groundball, 5L, EV 91.9 MPH)
|
|
Batting: RHB Mike Sebastian
|
0-0: Called Strike 0-1: Ball 1-1: DOUBLE (Flyball, 78XD, EV 95.6 MPH)
|
|
Batting: LHB Jeff Trapp
|
0-0: Called Strike 0-1: Foul Ball, location: 2F 0-2: Ball 1-2: Ball 2-2: Ground out 2-3 (Groundball, 2L, EV 64.4 MPH) Mike Sebastian to third
|
|
Batting: SHB Adam Weber
|
0-0: Called Strike 0-1: Foul Ball, location: 2F 0-2: Ball 1-2: Ball 2-2: TRIPLE (Flyball, 78XD, EV 106.9 MPH) Mike Sebastian scores
|
|
Pitching: RHP Arsène Serre
|
|
|
Batting: LHB Tokugoro Adachi
|
0-0: Swinging Strike 0-1: Ball 1-1: Ball 2-1: Ground out 1-3 (Groundball, 13, EV 75.0 MPH)
|
| Bottom of the 7th over - 1 run, 2 hits, 0 errors, 1 left on base; Tri-City 0 - Connecticut 1 |
| TOP OF THE 8TH |
|
Tri-City ValleyCats batting - Pitching for Connecticut Tigers : RHP Dale Gilbert
|
|
Batting: RHB Ruben Pujols
|
0-0: Swinging Strike 0-1: Swinging Strike 0-2: Strikes out swinging
|
|
Pitching: LHP Chris Woodruff
|
|
|
Batting: RHB Rob Baker
|
0-0: Ball 1-0: Ball 2-0: Ball 3-0: Called Strike 3-1: Base on Balls
|
|
Batting: RHB Ben Hoffman
|
0-0: Ball 1-0: Ball 2-0: Ball 3-0: Called Strike 3-1: Ball Rob Baker to second
|
|
Batting: LHB Jon Pope
|
0-0: Foul Ball, location: 2F 0-1: Ball 1-1: Ball 2-1: Called Strike 2-2: Strikes out swinging
|
|
Batting: SHB Salvador Gomez
|
0-0: Fly out, F9 (Flyball, 89S, EV 86.9 MPH)
|
| Top of the 8th over - 0 runs, 0 hits, 0 errors, 2 left on base; Tri-City 0 - Connecticut 1 |
| BOTTOM OF THE 8TH |
|
Connecticut Tigers batting - Pitching for Tri-City ValleyCats : RHP Arsène Serre
|
|
Batting: RHB Eric Angelle
|
0-0: Ball 1-0: Fly out, F7 (Flyball, 78D, EV 105.0 MPH)
|
|
Batting: SHB Sean Foley
|
0-0: Ball 1-0: Swinging Strike 1-1: Called Strike 1-2: Ball 2-2: Strikes out swinging
|
|
Batting: RHB Tanner Purchase
|
0-0: Ball 1-0: Called Strike 1-1: Ball 2-1: TRIPLE (Flyball, 9LD, EV 98.1 MPH)
|
|
Batting: RHB Billy Verdusco
|
0-0: Ball 1-0: Called Strike 1-1: Ball 2-1: Called Strike 2-2: Foul Ball, location: 2F 2-2: Strikes out swinging
|
| Bottom of the 8th over - 0 runs, 1 hit, 0 errors, 1 left on base; Tri-City 0 - Connecticut 1 |
| TOP OF THE 9TH |
|
Tri-City ValleyCats batting - Pitching for Connecticut Tigers : LHP Chris Woodruff
|
|
Pitching: LHP Chris Thomas
|
|
|
Now at 1B: Dan Crutchfield
|
|
|
Batting: RHB Chris Miller
|
0-0: Ball 1-0: Foul Ball, location: 2F 1-1: Ball 2-1: Foul Ball, location: 2F 2-2: Ball 3-2: Fly out, F4 (Flyball, 34D, EV 83.8 MPH)
|
|
Batting: RHB Nate Britton
|
0-0: Called Strike 0-1: Foul Ball, location: 2F 0-2: Ball 1-2: Strikes out swinging
|
|
Batting: RHB Dan Kurtz
|
0-0: Foul Ball, location: 2F 0-1: Swinging Strike 0-2: Strikes out swinging
|
| Top of the 9th over - 0 runs, 0 hits, 0 errors, 0 left on base; Tri-City 0 - Connecticut 1 |
|